 Dungeon Crawl Stone Soup version 0.32-a0-747-gc8563f6773 (webtiles) character file.

Game seed: 10794525480999388264

7 cforsyth the Chopper (level 1, -2/19 HPs)
             Began as a Mountain Dwarf Cinder Acolyte on Mar 18, 2024.
             Was a High Priest of Ignis.
             Slain by a quokka (5 damage)
             ... on level 1 of the Dungeon.
             The game lasted 00:00:16 (132 turns).

cforsyth the Chopper (Mountain Dwarf Cinder Acolyte) Turns: 132, Time: 00:00:18

Health: -2/19      AC:  2    Str: 16    XL:     1   Next: 83%
Magic:  2/2        EV:  0    Int: 14    God:    Ignis [*****.]
Gold:   51         SH:  0    Dex:  5    Spells: 2/2 levels left

rFire   + . .        a - -1 hand axe (flame)
rCold   . . .        (no shield)
rNeg    . . .        b - +0 robe
rPois   .            (no helmet)
rElec   .            (no cloak)
rCorr   .            (no gloves)
SInv    .            (no boots)
Will    .....        (no amulet)
Stlth   +            (no ring)
HPRegen 0.23/turn    (no ring)
MPRegen 0.08/turn

%: no passive effects
@: constricted
A: runic magic, artefact enchanting
a: Renounce Religion, Fiery Armour, Foxfire Swarm, Rising Flame


You were on level 1 of the Dungeon.
You worshipped Ignis.
Ignis was extremely pleased with you.
You visited 1 branch of the dungeon, and saw 1 of its levels.

You collected 51 gold pieces.


Innate Abilities, Weirdness & Mutations

Your spellcasting is much less encumbered by armour.
You can use scrolls of enchantment on lesser artefacts.


   Skills:
 + Level 3.4 Fighting
 + Level 3.7 Axes
 + Level 0.4 Armour
 + Level 1.1 Spellcasting
 + Level 3.7 Fire Magic


You had 2 spell levels left.
You didn't know any spells.
Your spell library contained the following spells:

 Spells                   Type           Power      Damage    Failure   Level
 Scorch                   Fire           22%        2d5       9%          2
 Call Canine Familiar     Summ           0%         N/A       61%         3
 Sigil of Binding         Hex            0%         N/A       61%         3
 Dimensional Bullseye     Hex/Tloc       0%         N/A       95%         4

Inventory:

Hand Weapons
 a - a -1 hand axe of flaming (weapon)
Armour
 b - a +0 robe (worn)
Scrolls
 c - a scroll of fog {unknown}

Dungeon Overview and Level Annotations

Branches:
Dungeon (1/15)

Altars:

#.#.### #.....# ##
###.....##### ..
#...........## #.
#.#.......... #.
#.#.....# #.#
#.####.#...#####.#
#br@†...).......^#
#......S....#.#######.#
#..>...######.# #.#
....... #.# #.# #......
#.# ##.### #......
#.######..... ######.
#...........# #.
########...## ##.##


You could see a quokka, a bat and a ball python.


Message History

You hit the giant cockroach. You burn the giant cockroach.
You kill the giant cockroach!
A bat and a ball python come into view.
The ball python hisses angrily.
A quokka comes into view.
You see here a giant cockroach corpse.
The bat hits you but does no damage.
There are monsters nearby!
There are monsters nearby!
You barely miss the bat. The bat hits you.
* * * LOW HITPOINT WARNING * * *
The bat misses you. The ball python barely misses you. x2
You barely miss the ball python. You closely miss the bat. The bat hits you.
* * * LOW HITPOINT WARNING * * *
The ball python bites you.
* * * LOW HITPOINT WARNING * * *
The ball python completely misses you.
You completely miss the ball python. You hit the quokka. You burn the quokka.
The ball python bites you but does no damage.
The ball python misses you. The quokka closely misses you.
The ball python bites you but does no damage.
The ball python misses you. The quokka barely misses you.
You closely miss the ball python. You closely miss the quokka.
The ball python barely misses you. The ball python grabs you.
The ball python constricts you.
* * * LOW HITPOINT WARNING * * *
The quokka bites you.
You die...
Ignis goes out, and joins you in death.

Action                     || total
---------------------------++-------
  Melee: Hand axe          ||    18
 Armour: Robe              ||    20
  Dodge: Dodged            ||    18

Levels and vault maps discovered:
D:1:      minmay_arrival_four_houses, layout_loops_ring

Notes
Turn   | Place    | Note
-------+----------+-------------------------------------------
     0 | D:1      | cforsyth the Mountain Dwarf Cinder Acolyte began the quest
                  | for the Orb.
     0 | D:1      | Reached XP level 1. HP: 19/19 MP: 2/2
   132 | D:1      | Slain by a quokka

Vanquished Creatures
  2 endoplasms (D:1)
  A giant cockroach (D:1)
  A hobgoblin (D:1)
  A bat (D:1)
  A goblin (D:1)
6 creatures vanquished.

Table legend: (Time is in decaauts)
 A = Elapsed time spent in this place.
 B = Non-inter-level travel time spent in this place.
 C = Inter-level travel time spent in this place.
 D = Time resting spent in this place.
 E = Time spent auto-exploring this place.
 F = Levels seen in this place.
 G = Mean time per level.
                   A        B        C        D        E       F      G
               +--------+--------+--------+--------+--------+-----+--------+
         Total |    134 |    134 |      0 |      0 |     86 |   1 |  134.0 |
       Dungeon |    134 |    134 |      0 |      0 |     86 |   1 |  134.0 |
               +--------+--------+--------+--------+--------+-----+--------+

Top non-repeatable levels by time:
     D:1: 134 daAuts

Table legend:
 A = Non-vault XP
 B = Vault XP
 C = Vault XP percentage of total XP
 D = Non-vault monster count
 E = Vault monster count
 F = Vault count percentage of total count
                 A         B        C        D         E       F
            +---------+---------+-------+---------+---------+-------
      Total |      10 |       0 |   0.0 |       6 |       0 |   0.0
            +---------+---------+-------+---------+---------+-------
        D:1 |      10 |       0 |   0.0 |       6 |       0 |   0.0
            +---------+---------+-------+---------+---------+-------
